 Dungeon Crawl Stone Soup version 0.27-a0-1090-gb115f176c6 (webtiles) character file.

Game seed: 10649269741796681492

653 pokeman the Thaumaturge (level 7, -4/40 HPs)
             Began as a Deep Elf Hedge Wizard on Apr 27, 2021.
             Was an Initiate of Vehumet.
             Slain by Duvessa
             ... wielding a +1 short sword of protection
              (13 damage)
             ... on level 5 of the Dungeon.
             The game lasted 00:07:00 (4793 turns).

pokeman the Thaumaturge (Deep Elf Hedge Wizard)     Turns: 4793, Time: 00:07:00

Health: -4/40      AC:  4    Str:  7    XL:     7   Next: 28%
Magic:  2/20       EV: 12    Int: 21    God:    Vehumet [......]
Gold:   245        SH:  0    Dex: 14    Spells: 11/22 levels left

rFire    . . .     SeeInvis .   n - +2 dagger (venom)
rCold    . . .     Faith    .   (no shield)
rNeg     . . .     Spirit   .   u - +0 leather armour
rPois    .         Reflect  .   c - +0 hat
rElec    .         Harm     .   (no cloak)
rCorr    .         Rampage  .   f - +0 pair of gloves
Will     .....                  (no boots)
Stlth    +.........             (no amulet)
HPRegen  0.13/turn              (no ring)
MPRegen  0.17/turn              (no ring)

@: lit by a corona, very slightly contaminated, glowing
A: no striking features
a: Renounce Religion


You were on level 5 of the Dungeon.
You worshipped Vehumet.
Vehumet was noncommittal.
You visited 2 branches of the dungeon, and saw 6 of its levels.

You collected 245 gold pieces.

Inventory:

Hand Weapons
 n - a +2 dagger of venom (weapon)
Missiles
 m - 29 bolts
 r - 59 arrows
Armour
 c - a +0 hat (worn)
 f - a +0 pair of gloves (worn)
 j - +0 fire dragon scales
 u - a +0 leather armour (worn)
Wands
 v - a wand of flame (15)
Scrolls
 d - 2 scrolls of identify {unknown}
 g - a scroll of immolation
 h - 2 scrolls of teleportation {unknown}
 p - a scroll of summoning {unknown}
 s - 2 scrolls of magic mapping {unknown}
Potions
 a - 4 potions of curing
 b - a potion of ambrosia {unknown}
 e - a potion of mutation {unknown}
 i - 3 potions of heal wounds {unknown}
 k - 2 potions of berserk rage {unknown}
 l - a potion of haste
 o - 2 potions of might {unknown}
 q - 2 potions of brilliance {unknown}
 t - a potion of attraction {unknown}


   Skills:
 - Level 2.0 Fighting
 - Level 2.0 Armour
 - Level 3.1 Dodging
 + Level 2.9 Stealth
 * Level 8.0 Spellcasting
 + Level 3.8 Conjurations
 - Level 1.1 Summonings
 - Level 1.1 Translocations
 + Level 1.8 Fire Magic


You had 11 spell levels left.
You knew the following spells:

 Your Spells              Type           Power      Damage    Failure   Level
a - Magic Dart            Conj           96%        1d7       2%          1
b - Mephitic Cloud        Conj/Pois/Air  13%        N/A       21%         3
c - Call Imp              Summ           13%        N/A       11%         2
d - Blink                 Tloc           N/A        N/A       11%         2
e - Conjure Flame         Conj/Fire      20%        6-21      11%         3

Your spell library contained the following spells:

 Spells                   Type           Power      Damage    Failure   Level
 Slow                     Hex            8%         N/A       17%         2


Dungeon Overview and Level Annotations

Branches:
Dungeon (5/15)             Temple (1/1) D:4

Altars:
Ashenzari
Cheibriados
Dithmenos
Elyvilon
Fedhas
Hepliaklqana
Kikubaaqudgha
Makhleb
Nemelex Xobeh
Okawaru
Qazlal
Ru
Sif Muna
Trog
Uskayaw
Vehumet
Wu Jian
Xom
Zin
The Shining One

Shops:
D:1 [

Annotations:
D:5 Duvessa, Edmund


Message History

Edmund the Younger comes into view.
He is wielding a +1 dire flail of draining.
The orc barely misses you.
Dowan is engulfed in blazing flames.
You kill Dowan!
Vehumet accepts your kill.
Duvessa screams, "No!
How DARE you!"
Duvessa goes berserk!
Your Spellcasting skill increases to level 8!
Unknown command.
Unknown command.
Your leather armour prevents you from hitting the orc.
The orc is almost dead.
You kill the orc!
Vehumet accepts your kill.
Duvessa rages.
Edmund drinks a potion.
Edmund seems to speed up.
Duvessa is engulfed in blazing flames.
Casting: Mephitic Cloud (quite dangerous; 21% risk of failure)
Confirm with . or Enter, or press ? or * to list all spells.
The spell is quite dangerous to cast (21% risk of failure)!
Continue anyway?
Aiming: Mephitic Cloud (quite dangerous; 21% risk of failure)
Press: ? - help, Shift-Dir - straight line, f - orc priest
Aim: an orc priest, wielding a +0 club (chance to affect: 86%)
You miscast Mephitic Cloud.
You are very lightly contaminated with residual magic.
Nothing appears to happen.
Unknown command.
Unknown command.
You barely miss Duvessa.
Duvessa is moderately wounded.
Duvessa is engulfed in blazing flames. x2; Duvessa completely misses Edmund.
Unknown command.
You hit the orc priest but do no damage.
The orc priest hits you with a +0 club.
* * * LOW HITPOINT WARNING * * *
Unknown command.
You hit Duvessa but do no damage.
Duvessa is poisoned.
Duvessa is moderately wounded.
Duvessa is engulfed in blazing flames.
Duvessa hits you with a +1 short sword of protection!
You die...

########## .
.........######....
........@e@oo..5...
.........#######.##
.........#
........e#
.........#
..........
...........
.<.........
#..###......


You could see Edmund (fast), Duvessa (berserk, confused, poisoned, ally target),
an orc priest, an orc wizard and a friendly crimson imp (summoned).

Vanquished Creatures
  Sigmund (D:2)
  2 ogres (D:4)
  Blork the orc (D:4)
  A wyvern zombie (D:5)
  Dowan (D:5)
  A hound (D:4)
  An orc wizard (D:4)
  A hound skeleton (D:4)
  3 adders
  2 dart slugs
  7 orcs
  3 endoplasms
  A giant cockroach (D:1)
  4 goblins
  6 hobgoblins
  3 jackals (D:1)
  5 kobolds
  4 quokkas
  7 ball pythons
  4 bats
  2 frilled lizards (D:1)
  7 rats
67 creatures vanquished.

Notes
Turn   | Place    | Note
-------+----------+-------------------------------------------
     0 | D:1      | pokeman the Deep Elf Hedge Wizard began the quest for the
                  | Orb.
     0 | D:1      | Reached XP level 1. HP: 10/10 MP: 7/7
   438 | D:1      | Reached XP level 2. HP: 15/15 MP: 3/9
   782 | D:1      | Found a faded altar of an unknown god.
  1218 | D:1      | Found Zetaireo's Antique Armour Shoppe.
  1278 | D:1      | Reached skill level 5 in Spellcasting
  1726 | D:2      | Reached XP level 3. HP: 20/20 MP: 7/11
  1730 | D:2      | Learned a level 3 spell: Mephitic Cloud
  1733 | D:2      | Learned a level 2 spell: Call Imp
  1736 | D:2      | Learned a level 2 spell: Blink
  1740 | D:2      | Learned a level 3 spell: Conjure Flame
  2037 | D:2      | Noticed Sigmund
  2048 | D:2      | Killed Sigmund
  2049 | D:2      | Reached skill level 1 in Fighting
  2049 | D:2      | Reached skill level 1 in Armour
  2049 | D:2      | Reached skill level 6 in Spellcasting
  2049 | D:2      | Reached XP level 4. HP: 23/26 MP: 3/14
  2049 | D:2      | Reached XP level 5. HP: 27/30 MP: 3/15
  3110 | D:4      | Noticed an ogre
  3125 | D:4      | Killed an ogre
  3126 | D:4      | Reached XP level 6. HP: 35/35 MP: 7/17
  3315 | D:4      | Reached skill level 7 in Spellcasting
  3513 | D:4      | Found a sacrificial altar of Ru.
  3518 | D:4      | Found an ornate altar of the Wu Jian Council.
  3588 | D:4      | Noticed Blork the orc
  3600 | D:4      | Killed Blork the orc
  3966 | D:4      | Found a staircase to the Ecumenical Temple.
  3983 | Temple   | Entered the Ecumenical Temple
  4079 | Temple   | Became a worshipper of Vehumet
  4119 | D:4      | Reached skill level 1 in Fire Magic
  4119 | D:4      | Reached XP level 7. HP: 12/40 MP: 17/20
  4767 | D:5      | Entered Level 5 of the Dungeon
  4768 | D:5      | Noticed Duvessa
  4768 | D:5      | Noticed Dowan
  4788 | D:5      | Noticed Edmund
  4788 | D:5      | Killed Dowan
  4789 | D:5      | Reached skill level 8 in Spellcasting
  4793 | D:5      | Slain by Duvessa

Illustrated notes

Levels and vault maps discovered:
D:1:      lightli_iron_boxes, layout_loops_corners, serial_shops,
          nicolae_shop_behind_doors, hellmonk_ecumenical_altar_blasted
D:2:      layout_basic, uniq_sigmund
D:3:      layout_loops_ring, st_stairs_11
D:4:      kennysheep_spiral_hall, layout_basic,
          chequers_temple_overflow_statue_of_worship,
          minmay_temple_entry_arrows, minmay_misc_feat_enclosed,
          uniq_blork_the_orc
D:5:      layout_rooms, uniq_menkaure, uniq_ijyb, uniq_edmund, uniq_duvessa
Temple:   regret_index_temple_chain_breaker

Skill      XL: |  1  2  3  4  5  6  7 |
---------------+----------------------+-----
Spellcasting   | 5 6 7 8 |  8.0
Fighting       | 1 2 |  2.0
Armour         | 1 2 |  2.0
Conjurations   | 2 3 |  3.8
Dodging        | 3 |  3.1
Fire Magic     | 1 |  1.8
Stealth        | |  2.9
Summonings     | |  1.1
Translocations | |  1.1

Action                   |  1- 3 |  4- 6 |  7- 9 || total
-------------------------+-------+-------+-------++-------
Melee: Dagger            |     6 |    20 |    12 ||    38
 Cast: Magic Dart        |    84 |    57 |    17 ||   158
       Mephitic Cloud    |     1 |     4 |     3 ||     8
       Conjure Flame     |       |     1 |     2 ||     3
       Call Imp          |       |       |     2 ||     2
 Stab: Confused          |     1 |       |       ||     1
Armor: Robe              |     4 |     1 |       ||     5
       Leather armour    |       |     1 |     3 ||     4
Dodge: Dodged            |    19 |    10 |     8 ||    37

Table legend: (Time is in decaauts)
 A = Elapsed time spent in this place.
 B = Non-inter-level travel time spent in this place.
 C = Inter-level travel time spent in this place.
 D = Time resting spent in this place.
 E = Time spent auto-exploring this place.
 F = Levels seen in this place.
 G = Mean time per level.
                   A        B        C        D        E       F      G
               +--------+--------+--------+--------+--------+-----+--------+
         Total |   4791 |   4641 |    150 |     25 |   4138 |   6 |  798.5 |
       Dungeon |   4679 |   4543 |    136 |     25 |   4058 |   5 |  935.8 |
        Temple |    111 |     97 |     14 |      0 |     80 |   1 |  111.0 |
               +--------+--------+--------+--------+--------+-----+--------+

Top non-repeatable levels by time:
     D:4: 1545 daAuts
     D:1: 1517 daAuts
     D:3: 839 daAuts
     D:2: 752 daAuts
  Temple: 111 daAuts
     D:5: 25 daAuts
